3A
BELLEVILLE BULLS @ YORK REVOLUTION
07/01/2026
 
TOP OF THE 1ST
Belleville Bulls batting - Pitching for York Revolution : RHP Joel Farrell
Pitching: RHP Joel Farrell
Batting: RHB Tomás Bermúdez 0-0: Called Strike
0-1: Ball
1-1: Foul Ball, location: 2F
1-2: Foul Ball, location: 2F
1-2: Fly out, F6 (Line Drive, 6)
Batting: RHB Elia Amberezzio 0-0: Called Strike
0-1: Swinging Strike
0-2: Ball
1-2: Foul Ball, location: 2F
1-2: Strikes out swinging
Batting: RHB Ernest Daniels 0-0: Ball
1-0: Ball
2-0: Foul Ball, location: 2F
2-1: Called Strike
2-2: Strikes out looking
Top of the 1st over - 0 run(s), 0 hit(s), 0 error(s), 0 left on base; Belleville 0 - York 0
BOTTOM OF THE 1ST
York Revolution batting - Pitching for Belleville Bulls : LHP George Eisenhauer
Pitching: LHP George Eisenhauer
Batting: RHB Francisco Rodríguez 0-0: Ball
1-0: Ball
2-0: Called Strike
2-1: Bunt for hit - play at first, batter OUT! 5-3
Batting: RHB Domingo Bravo 0-0: Called Strike
0-1: SINGLE (Groundball, 56D)
Batting: RHB Sherwood Lefebvre 0-0: Ball
Domingo Bravo steals 2nd base
1-0: Swinging Strike
1-1: Called Strike
1-2: Strikes out looking
Batting: RHB Edgardo Bello 0-0: Ball
1-0: Foul Ball, location: 2F
1-1: Ball
2-1: Called Strike
2-2: Foul Ball, location: 2F
2-2: Strikes out swinging
Bottom of the 1st over - 0 run(s), 1 hit(s), 0 error(s), 1 left on base; Belleville 0 - York 0
TOP OF THE 2ND
Belleville Bulls batting - Pitching for York Revolution : RHP Joel Farrell
Batting: SHB Tristan Shanks 0-0: Called Strike
0-1: Foul Ball, location: 2F
0-2: Ball
1-2: Fly out, F4 (Popup, 4MD)
Batting: LHB Armando Reyes 0-0: SINGLE (Groundball, 3S) (infield hit)
Batting: RHB Dean Summers 0-0: Ball
1-0: Ball
2-0: Fly out, F8 (Flyball, 8LM)
Batting: LHB Scot Willis 0-0: Called Strike
Armando Reyes is caught stealing 2nd base
Top of the 2nd over - 0 run(s), 1 hit(s), 0 error(s), 0 left on base; Belleville 0 - York 0
BOTTOM OF THE 2ND
York Revolution batting - Pitching for Belleville Bulls : LHP George Eisenhauer
Batting: RHB Jorge Estrada 0-0: Ball
1-0: Ball
2-0: Foul Ball, location: 2F
2-1: Ball
3-1: Called Strike
3-2: Foul Ball, location: 2F
3-2: Base on Balls
Batting: LHB Harold Wiggins 0-0: Swinging Strike
0-1: Called Strike
0-2: Ball
1-2: Ball
2-2: Foul Ball, location: 2F
2-2: Ball
3-2: Fly out, F7 (Flyball, 7)
Batting: RHB Jorge Durán 0-0: Called Strike
0-1: Ball
1-1: SINGLE (Line Drive, 89S)
Jorge Estrada to second
Batting: RHB Obi Jones 0-0: Ball
1-0: Ball
2-0: Grounds into double play, 6-4-3 (Groundball, 6)
Bottom of the 2nd over - 0 run(s), 1 hit(s), 0 error(s), 1 left on base; Belleville 0 - York 0
TOP OF THE 3RD
Belleville Bulls batting - Pitching for York Revolution : RHP Joel Farrell
Batting: LHB Scot Willis 0-0: Ball
1-0: Ball
2-0: Called Strike
2-1: Swinging Strike
2-2: Ball
3-2: Strikes out swinging
Batting: RHB Manuel Rosales 0-0: Ball
1-0: Fly out, F8 (Flyball, 8RS)
Batting: RHB Ron Bernard 0-0: Ball
1-0: Foul Ball, location: 2F
1-1: Called Strike
1-2: Fly out, F8 (Flyball, 8LM)
Top of the 3rd over - 0 run(s), 0 hit(s), 0 error(s), 0 left on base; Belleville 0 - York 0
BOTTOM OF THE 3RD
York Revolution batting - Pitching for Belleville Bulls : LHP George Eisenhauer
Batting: RHB Jorge Barrón 0-0: Ball
1-0: Ball
2-0: Called Strike
2-1: Called Strike
2-2: Fly out, F4 (Line Drive, 4)
Batting: RHB Francisco Rodríguez 0-0: Ground out 4-3 (Groundball, 34)
Batting: RHB Domingo Bravo 0-0: Ball
1-0: Ball
2-0: Fly out, F9 (Flyball, 9S)
Bottom of the 3rd over - 0 run(s), 0 hit(s), 0 error(s), 0 left on base; Belleville 0 - York 0
TOP OF THE 4TH
Belleville Bulls batting - Pitching for York Revolution : RHP Joel Farrell
Batting: RHB Tomás Bermúdez 0-0: Ball
1-0: Ball
2-0: Ball
3-0: Called Strike
3-1: Called Strike
3-2: SINGLE (Line Drive, 7S)
Batting: RHB Elia Amberezzio 0-0: Foul Ball, location: 2F
0-1: Ball
1-1: Ball
2-1: Ball
3-1: Foul Ball, location: 2F
3-2: Fly out, F2 (Popup, 25)
Batting: RHB Ernest Daniels 0-0: Called Strike
0-1: Fly out, F4 (Line Drive, 4M)
Batting: SHB Tristan Shanks 0-0: Called Strike
0-1: Called Strike
0-2: Ground out 1-3 (Groundball, 13)
Top of the 4th over - 0 run(s), 1 hit(s), 0 error(s), 1 left on base; Belleville 0 - York 0
BOTTOM OF THE 4TH
York Revolution batting - Pitching for Belleville Bulls : LHP George Eisenhauer
Batting: RHB Sherwood Lefebvre 0-0: Ground out 4-3 (Groundball, 4)
Batting: RHB Edgardo Bello 0-0: Ball
1-0: Called Strike
1-1: Ball
2-1: Foul Ball, location: 2F
2-2: Ball
3-2: Strikes out swinging
Batting: RHB Jorge Estrada 0-0: Ball
1-0: Ground out 5-3 (Groundball, 56)
Bottom of the 4th over - 0 run(s), 0 hit(s), 0 error(s), 0 left on base; Belleville 0 - York 0
TOP OF THE 5TH
Belleville Bulls batting - Pitching for York Revolution : RHP Joel Farrell
Batting: LHB Armando Reyes 0-0: Ball
1-0: Ball
2-0: Ball
3-0: Base on Balls
Batting: RHB Dean Summers 0-0: Called Strike
0-1: Bunted foul
0-2: Foul Ball, location: 2F
0-2: Strikes out swinging
Batting: LHB Scot Willis 0-0: Ground out 6-3 (Groundball, 6S)
Armando Reyes to second
Batting: RHB Manuel Rosales 0-0: Ball
1-0: Foul Ball, location: 2F
1-1: Ball
2-1: Ground out 4-3 (Groundball, 4)
Top of the 5th over - 0 run(s), 0 hit(s), 0 error(s), 1 left on base; Belleville 0 - York 0
BOTTOM OF THE 5TH
York Revolution batting - Pitching for Belleville Bulls : LHP George Eisenhauer
Pitching: RHP Júlio Garrido
Batting: LHB Harold Wiggins 0-0: Called Strike
0-1: Called Strike
0-2: Foul Ball, location: 2F
0-2: Foul Ball, location: 2F
0-2: Strikes out swinging
Batting: RHB Jorge Durán 0-0: Ball
1-0: Called Strike
1-1: SINGLE (Groundball, 6S) (infield hit)
Batting: RHB Obi Jones 0-0: Ball
1-0: Swinging Strike
1-1: Ball
2-1: Foul Ball, location: 2F
2-2: SINGLE (Flyball, 7LM)
Jorge Durán to second
Batting: RHB Jorge Barrón 0-0: Called Strike
0-1: Fly out, F9 (Flyball, 9)
Batting: RHB Francisco Rodríguez 0-0: Called Strike
0-1: Foul Ball, location: 2F
0-2: Ball
1-2: Ball
2-2: Foul Ball, location: 2F
2-2: Fly out, F8 (Flyball, 8RM)
Bottom of the 5th over - 0 run(s), 2 hit(s), 0 error(s), 2 left on base; Belleville 0 - York 0
TOP OF THE 6TH
Belleville Bulls batting - Pitching for York Revolution : RHP Joel Farrell
Batting: RHB Ron Bernard 0-0: Ball
1-0: Ball
2-0: Bunt for hit - play at first, batter OUT! 1-3
Batting: RHB Tomás Bermúdez 0-0: Ball
1-0: Called Strike
1-1: Swinging Strike
1-2: Ball
2-2: Strikes out swinging
Batting: RHB Elia Amberezzio 0-0: Ground out 1-3 (Groundball, 13S)
Top of the 6th over - 0 run(s), 0 hit(s), 0 error(s), 0 left on base; Belleville 0 - York 0
BOTTOM OF THE 6TH
York Revolution batting - Pitching for Belleville Bulls : RHP Júlio Garrido
Batting: RHB Domingo Bravo 0-0: Ball
1-0: Ball
2-0: Ground out 6-3 (Groundball, 6)
Batting: RHB Sherwood Lefebvre 0-0: Hit by Pitch
Batting: RHB Edgardo Bello 0-0: Swinging Strike
0-1: Ball
1-1: Swinging Strike
1-2: Ball
2-2: Foul Ball, location: 2F
2-2: Ball
3-2: Base on Balls
Sherwood Lefebvre to second
Batting: RHB Jorge Estrada 0-0: Called Strike
0-1: Swinging Strike
0-2: Ball
1-2: Foul Ball, location: 2F
1-2: SINGLE (Line Drive, 78M)
Sherwood Lefebvre to third
Edgardo Bello to second
Batting: LHB Harold Wiggins 0-0: Ball
1-0: Fly out, F6 (Popup, 6)
Batting: RHB Jorge Durán 0-0: Fielders Choice at 2nd, 6-4 (Groundball, 6)
Bottom of the 6th over - 0 run(s), 1 hit(s), 0 error(s), 2 left on base; Belleville 0 - York 0
TOP OF THE 7TH
Belleville Bulls batting - Pitching for York Revolution : RHP Joel Farrell
Pinch Hitting: LHB José Gómez 0-0: Ball
1-0: Fly out, F9 (Line Drive, 9LD)
Batting: SHB Tristan Shanks 0-0: Fly out, F7 (Line Drive, 78M)
Batting: LHB Armando Reyes 0-0: Swinging Strike
0-1: Ball
1-1: Called Strike
1-2: Ball
2-2: Ball
3-2: Base on Balls
Batting: RHB Dean Summers 0-0: Called Strike
0-1: Ball
1-1: SINGLE (Groundball, 6D)
Armando Reyes to second
Pinch Hitting: RHB Jim Unknown 0-0: Ground out 6-3 (Groundball, 6S)
Top of the 7th over - 0 run(s), 1 hit(s), 0 error(s), 2 left on base; Belleville 0 - York 0
BOTTOM OF THE 7TH
York Revolution batting - Pitching for Belleville Bulls : RHP Júlio Garrido
Now at 1B: José Gómez
Now at 3B: Jim Unknown
Batting: RHB Obi Jones 0-0: Ball
1-0: Called Strike
1-1: Swinging Strike
1-2: Foul Ball, location: 2F
1-2: Foul Ball, location: 2F
1-2: Strikes out swinging
Batting: RHB Jorge Barrón 0-0: Fly out, F8 (Line Drive, 89M)
Pinch Hitting: RHB Jim Unknown 0-0: Swinging Strike
0-1: Swinging Strike
0-2: Ball
1-2: Ball
2-2: Strikes out swinging
Bottom of the 7th over - 0 run(s), 0 hit(s), 0 error(s), 0 left on base; Belleville 0 - York 0
TOP OF THE 8TH
Belleville Bulls batting - Pitching for York Revolution : RHP Joel Farrell
Now in LF: Jim Unknown
Batting: RHB Manuel Rosales 0-0: Foul Ball, location: 2F
0-1: Swinging Strike
0-2: Ball
1-2: Strikes out swinging
Pinch Hitting: RHB José García 0-0: Ball
1-0: Ball
2-0: Ball
3-0: Called Strike
3-1: Fly out, F8 (Flyball, 8LM)
Batting: RHB Tomás Bermúdez 0-0: Ball
1-0: Called Strike
1-1: Ground out 1-3 (Groundball, P)
Top of the 8th over - 0 run(s), 0 hit(s), 0 error(s), 0 left on base; Belleville 0 - York 0
BOTTOM OF THE 8TH
York Revolution batting - Pitching for Belleville Bulls : RHP Júlio Garrido
Now in CF: José García
Pinch Hitting: SHB Mario Domondón 0-0: Ball
1-0: DOUBLE (Flyball, 9LM)
Pinch Hitting: LHB Chip Garner 0-0: Ball
1-0: Ball
2-0: Ground out 3-1 (Groundball, 34)
Mario Domondón to third
Pitching: LHP Ray Dostie
Batting: RHB Edgardo Bello 0-0: Intentional Walk
Batting: RHB Jorge Estrada 0-0: Called Strike
0-1: Fly out, F8 (Flyball, 8RM)
Runner from 3rd tags up, SCORES, no throw
Pinch Hitting: RHB Oscar Gandarilla 0-0: Foul Ball, location: 2F
0-1: Ball
1-1: Ball
2-1: Fly out, F9 (Flyball, 89M)
Bottom of the 8th over - 1 run(s), 1 hit(s), 0 error(s), 1 left on base; Belleville 0 - York 1
TOP OF THE 9TH
Belleville Bulls batting - Pitching for York Revolution : RHP Joel Farrell
Now at 2B: Roberto Córdova
Now at SS: Oscar Gandarilla
Now in CF: Mario Domondón
Now in RF: Terry Cheadle
Batting: RHB Elia Amberezzio 0-0: Ball
1-0: Fly out, F5 (Line Drive, 5L)
Batting: LHB José Gómez 0-0: Fly out, F5 (Popup, 5L)
Batting: SHB Tristan Shanks 0-0: Ball
1-0: Called Strike
1-1: Swinging Strike
1-2: Strikes out swinging
Top of the 9th over - 0 run(s), 0 hit(s), 0 error(s), 0 left on base; Belleville 0 - York 1
Monday, March 20th, 2017 - OOTP Baseball 17.12 Build 75